 Dungeon Crawl Stone Soup version 0.17.0-57-g0e89251 (webtiles) character file.

484 JokEr the Grappler (level 7, -4/56 (57) HPs)
             Began as a Ghoul Monk on Dec 7, 2015.
             Was an Initiate of Ru.
             Slain by a centaur (5 damage)
             ... on level 5 of the Dungeon.
             The game lasted 00:12:08 (5506 turns).

JokEr the Grappler (Ghoul Monk)                     Turns: 5506, Time: 00:12:08

HP:   -4/56 (57)    AC:  7    Str: 17    XL:     7   Next: 12%
MP:   6/6           EV: 11    Int:  5    God:    Ru [......]
Gold: 259           SH:  0    Dex: 11    Spells: 0 memorised, 6 levels left

rFire  . . .     SeeInvis .       - Unarmed
rCold  + . .     Clarity  .     f - +1 ring mail
rNeg   + + +     SustAt   .     (no shield)
rPois  ∞         Gourm    .     n - +0 helmet
rElec  .         Spirit   .     (no cloak)
rCorr  .         Warding  .     (no gloves)
rMut   .         Stasis   .     (no boots)
MR     .....                    (no amulet)
Stlth  ..........               (no ring)
                                (no ring)

@: rotting, not resistant to hostile enchantments, extremely unstealthy
A: rotting body, claws 1, carnivore 3, cold resistance 1, negative energy
resistance 3, slow regeneration 1, torment resistance, unbreathing, no stealth
a: Renounce Religion


You were on level 5 of the Dungeon.
You worshipped Ru.
Ru was noncommittal.
You were not hungry.

You visited 1 branch of the dungeon, and saw 5 of its levels.

You collected 259 gold pieces.

Inventory:

Armour
 a - a +0 robe
 f - a +1 ring mail (worn)
 n - a +0 helmet (worn)
Jewellery
 k - an uncursed ring of positive energy {unknown}
Scrolls
 j - a scroll of teleportation
 l - a scroll of recharging
 m - 2 scrolls of enchant weapon
 r - a scroll of vulnerability {unknown}
Potions
 c - a potion of haste {unknown}
 d - a potion of mutation {unknown}
 e - 2 potions of heal wounds {unknown}
 g - a potion of curing {unknown}
 i - a potion of degeneration {unknown}
 p - a potion of poison {unknown}
 s - a potion of flight {unknown}
Books
 o - a book of Alchemy

   Spells                             Type                      Level
   a - Sublimation of Blood           Necromancy                   2
   b - Ignite Poison                  Fire/Transmutation/Poison    3
   c - Alistair's Intoxication        Transmutation/Poison         4
   d - Condensation Shield            Ice                          4
   e - Petrify                        Transmutation/Earth          4
   f - Irradiate                      Conjuration/Transmutation    5
Comestibles
 b - a meat ration
 h - a beef jerky
 q - a slice of pizza


   Skills:
 - Level 3.2 Fighting
 - Level 2.6 Dodging
 + Level 9.1 Unarmed Combat


You had 6 spell levels left.
You didn't know any spells.

Dungeon Overview and Level Annotations

Branches:
Dungeon (5/15)
 Temple: D:4-7

Altars:
Nemelex Xobeh
Ru
The Shining One


Innate Abilities, Weirdness & Mutations

Your body is rotting away.
You thrive on raw meat.
You are immune to poison.
You have sharp fingernails.
You are carnivorous and can eat meat at any time.
Your flesh is cold resistant.
You are immune to negative energy.
You regenerate slowly when monsters are visible.
You are immune to unholy pain and torment.
You can survive without breathing.
You cannot be stealthy.


Message History

* * * LOW HITPOINT WARNING * * *
You barely miss the centaur. The centaur barely misses you.
You scratch the centaur.
The centaur is lightly wounded.
The centaur barely misses you.
You scratch the centaur but do no damage.
The centaur is lightly wounded.
The centaur closely misses you.
The centaur hits you but does no damage.
You scratch the centaur.
The centaur is lightly wounded.
The centaur closely misses you.
You scratch the centaur but do no damage.
The centaur is lightly wounded.
The centaur hits you.
* * * LOW HITPOINT WARNING * * *
You scratch the centaur but do no damage.
The centaur is lightly wounded.
The centaur hits you.
You die...

##..#.(#........
##..###...#
####..#####..######.#
#<...#+#.###........#
##..###._.###..######
#...#'#.###..##
#....#####..##
##....###(.##
####..#.@.#
##...#c#########
#####((........
##((.....%.
#......... #.........
#......... #.........
#.........


You could see a centaur.

Vanquished Creatures
  An ogre (D:4)
  A centaur (D:4)
  A hound (D:4)
  An orc wizard (D:4)
  2 worker ants
  A mummy (D:4)
  3 gnolls (D:2)
  9 adders
  A shadow imp (D:5)
  2 oozes
  An adder skeleton (D:4)
  3 worms (D:2)
  2 giant geckos
  3 orcs (D:4)
  5 giant cockroaches
  6 goblins
  9 hobgoblins
  4 jackals (D:4)
  2 quokkas (D:4)
  A ball python (D:2)
  9 bats
  5 giant newts
  A goblin zombie (D:4)
  6 kobolds
  An orc zombie (D:4)
  9 rats
89 creatures vanquished.

Notes
Turn   | Place    | Note
--------------------------------------------------------------
     0 | D:1      | JokEr the Ghoul Monk began the quest for the Orb.
     0 | D:1      | Reached XP level 1. HP: 19/19 MP: 0/0
   205 | D:1      | Reached XP level 2. HP: 26/26 MP: 1/1
   338 | D:1      | Reached skill level 5 in Unarmed Combat
   884 | D:1      | Reached XP level 3. HP: 26/28 MP: 2/2
  1617 | D:2      | Found a glowing golden altar of the Shining One.
  1862 | D:2      | Reached skill level 6 in Unarmed Combat
  1862 | D:2      | Reached XP level 4. HP: 33/38 MP: 3/3
  2750 | D:3      | Reached XP level 5. HP: 40/44 MP: 4/4
  3168 | D:3      | Reached skill level 7 in Unarmed Combat
  3775 | D:4      | Noticed an ogre
  3784 | D:4      | Killed an ogre
  3784 | D:4      | Reached skill level 8 in Unarmed Combat
  3784 | D:4      | Reached XP level 6. HP: 36/50 MP: 5/5
  4010 | D:4      | Found a sacrificial altar of Ru.
  4019 | D:4      | Became a worshipper of Ru the Awakened
  4029 | D:4      | Gained mutation: You cannot be stealthy. [Ru sacrifice]
  4119 | D:4      | Noticed a centaur
  4126 | D:4      | Killed a centaur
  4517 | D:4      | Reached XP level 7. HP: 39/57 MP: 6/6
  4782 | D:4      | Found a sacrificial altar of Ru.
  4854 | D:4      | Reached skill level 9 in Unarmed Combat
  5298 | D:5      | Entered Level 5 of the Dungeon
  5470 | D:5      | Found a sparkling altar of Nemelex Xobeh.
  5500 | D:5      | HP: 1/56 [centaur (3)]
  5505 | D:5      | HP: 1/56 [centaur (1)]
  5506 | D:5      | Slain by a centaur

Action                   |  1- 3 |  4- 6 |  7- 9 || total
-------------------------+-------+-------+-------++-------
Melee: Unarmed           |   122 |   168 |    37 ||   327
Invok: Sacrifice Stealth |       |     1 |       ||     1
  Use: Scroll            |     5 |     3 |     1 ||     9
 Stab: Sleeping          |     3 |       |       ||     3
  Eat: Chunk             |    16 |    22 |     2 ||    40
